 Dungeon Crawl Stone Soup version 0.27.1-33-g824d729ab1 (webtiles) character file.

Game seed: 8340611492657971337

18 MisterFreud the Ducker (level 2, 0/21 HPs)
             Began as a Felid Berserker on Dec 1, 2021.
             Was a Follower of Trog.
             Slain by a jackal (1 damage)
             ... on level 1 of the Dungeon.
             The game lasted 00:01:20 (1150 turns).

MisterFreud the Ducker (Felid Berserker)            Turns: 1150, Time: 00:01:21

Health: 0/21       AC:  1    Str: 13    XL:     2   Next: 51%
Magic:  3/3        EV: 18    Int:  8    God:    Trog [*.....]
Gold:   15         SH:  0    Dex: 15    Spells: 1/1 levels left
                                        Lives:  0   Deaths: 0

rFire    . . .     SeeInvis +     - Unarmed
rCold    . . .     Faith    .   (shield unavailable)
rNeg     . . .     Spirit   .   (armour unavailable)
rPois    .         Reflect  .   (helmet unavailable)
rElec    .         Harm     .   (cloak unavailable)
rCorr    .         Rampage  .   (gloves unavailable)
Will     .....                  (boots unavailable)
Stlth    ..........             (no amulet)
HPRegen  0.07/turn              (no ring)
MPRegen  0.08/turn              (no ring)

@: berserking, very quick
A: very small, claws 1, fangs 3, see invisible, speed 1, shaggy fur 1, stealthy
paws, no weapons or thrown items, no armour, multi-lived
a: Renounce Religion, Berserk


You were on level 1 of the Dungeon.
You worshipped Trog.
Trog was aware of your devotion.
You visited 1 branch of the dungeon, and saw 2 of its levels.

You collected 15 gold pieces.

Inventory:

Potions
 a - 2 potions of heal wounds {unknown}


   Skills:
 - Level 3.1 Fighting
 - Level 4.2 Dodging
 + Level 1.5 Stealth
 + Level 3.4 Unarmed Combat


You had one spell level left.
You didn't know any spells.
Your spell library was empty.

Dungeon Overview and Level Annotations

Branches:
Dungeon (2/15)

Altars:


Innate Abilities, Weirdness & Mutations

You have sharp claws.
You have razor-sharp teeth.
You have supernaturally acute eyesight. (SInv)
You cover ground quickly. (Speed+)
You are covered in fur. (AC +1)
Your paws help you pounce on unaware monsters.
You are incapable of wielding weapons or throwing items.
You cannot wear armour.
You gain extra lives every three experience levels.


Message History

A ball python comes into view.
Found 11 stones.
The ball python hisses angrily.
The bat barely misses you. The bat hits you but does no damage.
The ball python misses you. The ball python grabs you.
The ball python constricts you.
The jackal barks!
You scratch the ball python.
The ball python is severely wounded.
You hear a bark!
The bat closely misses you. The ball python bites you.
The ball python constricts you.
You barely miss the ball python.
The ball python is severely wounded.
The ball python bites you. The ball python constricts you. The bat misses you.
You closely miss the ball python.
The ball python is severely wounded.
The bat hits you but does no damage. The ball python bites you.
* * * LOW HITPOINT WARNING * * *
The ball python constricts you.
* * * LOW HITPOINT WARNING * * *
The kobold throws a stone.
The stone barely misses you.
Okay, then.
Unknown command.
A red film seems to cover your vision as you go berserk!
You feel yourself moving faster!
You feel mighty! The ball python bites you.
* * * LOW HITPOINT WARNING * * *
The ball python constricts you.
* * * LOW HITPOINT WARNING * * *
The jackal bites you but does no damage.
The ball python closely misses you. The ball python constricts you.
* * * LOW HITPOINT WARNING * * *
You closely miss the ball python.
The ball python is moderately wounded.
The jackal completely misses you.
You barely miss the ball python. You bite the ball python.
You kill the ball python!
Trog accepts your kill. The jackal bites you.
You die...

.r......#..# #..#.
#.h#b#.....# #....
.....#.....###+###....
#......!.b............
#.##.#.###.##.##.####
#.##.#.#.....)##.#
#..hbK.#.....###.#
####h###.....# #.# #@#
#.....# #.# #.#
#.....# #.# (..
####### #.. .#.##
#.### #


You could see 2 jackals, 2 bats and a kobold.

Vanquished Creatures
  A dart slug (D:1)
  An endoplasm (D:1)
  3 goblins (D:1)
  3 hobgoblins
  A quokka (D:1)
  A ball python (D:1)
  A frilled lizard (D:1)
  3 kobolds (D:1)
  2 rats (D:1)
16 creatures vanquished.

Notes
Turn   | Place    | Note
-------+----------+-------------------------------------------
     0 | D:1      | MisterFreud the Felid Berserker began the quest for the
                  | Orb.
     0 | D:1      | Reached XP level 1. HP: 10/10 MP: 2/2
   268 | D:1      | Reached XP level 2. HP: 1/14 MP: 3/3
   589 | D:1      | Reached skill level 1 in Stealth
  1148 | D:1      | HP: 1/21 [constriction (1)]
  1150 | D:1      | Slain by a jackal

Illustrated notes

Levels and vault maps discovered:
D:1:      heliophobic_arrival_ceremonial_halls, layout_loops_cross,
          hellmonk_ecumenical_altar_heavens_door
D:2:      layout_basic, uniq_natasha

Skill      XL: |  1  2 |
---------------+-------+-----
Stealth        | 1 |  1.5
Fighting       | |  3.1
Dodging        | |  4.2
Unarmed Combat | |  3.4

Action                   || total
-------------------------++-------
Melee: Unarmed           ||    42
       Bite              ||     2
Invok: Berserk           ||     5
 Stab: Sleeping          ||     2
Armor: Skin              ||     8
Dodge: Dodged            ||    40
